Map: 宿怨战场-天梯版

Players

INnoVation - Winner!

  • Race: Terran Terran
  • League: Diamond

GogojOey

  • Race: Zerg Zerg

Event: WESG 2018 Grand Finals

VOD

Have the link to the VOD?

Description

Time

  • Played on: March 12, 2019, 7:08 a.m.
  • Length: 5:52

All games in this series

Show
View Real Time Build Order
Export as new Build Order

INnoVation Terran - Winner!

Build Orders: Gas First Reaper Expand, Hellion Opening 

Get SALT Encoding   

  12  0:00  SCV  
  13  0:12  SCV  
  14  0:17  Supply Depot  
  14  0:24  SCV  
  14  0:27  Refinery  
  15  0:38  SCV  
  16  0:45  Barracks  
  16  0:50  SCV  
  17  1:02  SCV  
  18  1:15  SCV  
  19  1:31  Reaper, Orbital Command  
  20  1:43  Command Center  
  20  1:55  Factory  
  20  1:58  SCV  
  21  2:05  Barracks Reactor  
  21  2:10  SCV  
  21  2:15  Supply Depot  
  22  2:16  Refinery  
  22  2:23  SCV  
  23  2:36  SCV  
  24  2:42  Starport  
  24  2:48  Hellion, Marine  
  24  2:49  Hellion  
  24  2:50  SCV  
  30  2:58  Orbital Command  
  30  3:02  SCV  
  31  3:06  Barracks Tech Lab  
  31  3:14  Hellion x2  
  31  3:17  SCV  
  36  3:24  Viking  
  38  3:30  Marauder  
  40  3:36  Supply Depot  
  42  3:41  Hellion x2  
  44  3:51  Marauder  
  46  3:57  Medivac  
  46  3:58  Supply Depot  
  46  3:59  Armory  
  48  4:09  Hellion x2  
  52  4:15  SCV x2  
  48  4:20  Marauder  
  48  4:23  Concussive Shells  
  50  4:30  Hellion x2  
  54  4:32  SCV  
  54  4:33  Liberator, SCV  
  56  4:39  Supply Depot  
  56  4:45  SCV x2  
  61  5:00  Supply Depot  
  61  5:01  Hellion, Supply Depot  
  61  5:02  Hellion  
  65  5:11  SCV x2  
  67  5:17  Marine  
  67  5:20  Supply Depot  
  68  5:30  SCV x2  
  68  5:35  Starport Tech Lab  
  68  5:38  Factory Tech Lab  
Show
View Real Time Build Order
Export as new Build Order

GogojOey Zerg 

Build Orders: Hatch First 

Get SALT Encoding   

  12  0:00  Drone  
  13  0:12  Overlord  
  13  0:17  Drone  
  14  0:31  Drone x2  
  14  0:34  Drone  
  17  0:52  Hatchery  
  17  0:55  Drone  
  17  0:58  Drone  
  18  1:09  Extractor  
  17  1:12  Spawning Pool  
  17  1:16  Drone  
  17  1:19  Drone  
  18  1:28  Drone  
  19  1:39  Overlord  
  19  1:49  Drone  
  20  1:59  Queen  
  20  2:01  Zergling x2  
  23  2:04  Queen, Zergling x2  
  26  2:09  Metabolic Boost  
  26  2:11  Drone  
  27  2:15  Drone  
  27  2:22  Drone  
  29  2:26  Drone  
  30  2:36  Drone x2  
  31  2:38  Queen  
  31  2:41  Queen  
  35  2:48  Overlord  
  35  2:49  Overlord  
  35  3:08  Zergling x2  
  35  3:09  Zergling x4  
  35  3:10  Zergling x2  
  39  3:13  Zergling x2  
  39  3:16  Hatchery  
  39  3:19  Zergling x6  
  42  3:25  Zergling x6  
  45  3:33  Overlord  
  45  3:34  Drone  
  46  3:52  Drone x2  
  46  3:53  Drone x4  
  52  4:00  Overlord  
  52  4:01  Drone  
  48  4:13  Drone x4  
  46  4:18  Drone  
  46  4:22  Roach Warren  
  46  4:23  Drone, Extractor x2  
  45  4:27  Drone x3  
  45  4:28  Drone  
  49  4:36  Drone x2  
  51  4:40  Zergling x6  
  51  4:41  Queen  
  56  4:48  Drone  
  56  4:49  Drone  
  56  4:50  Drone x2  
  60  4:54  Overlord  
  60  4:59  Overlord  
  60  5:02  Roach x2  
  64  5:07  Overlord  
  64  5:08  Overlord  
  64  5:12  Overlord  
  64  5:13  Roach x2  
  68  5:16  Roach  
  68  5:20  Roach x2  
  71  5:26  Roach x2, Zergling x2  
  67  5:32  Roach x2  
Tags
 
Add a new tag
Caveats
  • Supply blocks, unpowered buildings, or Contaminate may cause inaccurate times.
  • Supply counts are checked every 10 seconds.